 Dungeon Crawl Stone Soup version 0.17.1-2-g5865329 (webtiles) character file.

107 Mysteryquy the Insei (level 4, -7/36 HPs)
             Began as a Draconian Transmuter on Feb 8, 2016.
             Mangled by an ogre
             ... wielding a +0 giant club
              (29 damage)
             ... on level 4 of the Dungeon.
             The game lasted 00:07:42 (3544 turns).

Mysteryquy the Insei (Draconian Transmuter)         Turns: 3544, Time: 00:07:42

Health: -7/36      AC:  7    Str: 12    XL:     4   Next: 56%
Magic:  7/7        EV: 13    Int: 14    God:
Gold:   125        SH:  0    Dex: 12    Spells: 1 memorised, 6 levels left

rFire  . . .     SeeInvis .       - Unarmed
rCold  . . .     Clarity  .     (armour unavailable)
rNeg   . . .     SustAt   .     (no shield)
rPois  .         Gourm    .     n - +2 hat
rElec  .         Spirit   .     (no cloak)
rCorr  .         Warding  .     (no gloves)
rMut   .         Stasis   .     (no boots)
MR     .....                    (no amulet)
Stlth  +.........               (no ring)
                                (no ring)

@: not resistant to hostile enchantments, very unstealthy
A: unfitting armour, cold-blooded, AC +5
a: no special abilities


You were on level 4 of the Dungeon.
You were hungry.

You visited 1 branch of the dungeon, and saw 4 of its levels.

You collected 125 gold pieces.

Inventory:

Missiles
 a - 32 arrows
 s - 2 arrows of frost
Armour
 n - a +2 hat (worn)
Jewellery
 i - an uncursed amulet of resist mutation {unknown}
 p - an uncursed amulet of stasis {unknown}
Scrolls
 d - 3 scrolls of noise {unknown}
 e - a scroll of amnesia {unknown}
 f - 2 scrolls of identify {unknown}
 h - 3 scrolls of enchant armour {unknown}
 j - 3 scrolls of fear {unknown}
 k - a scroll of remove curse {unknown}
 l - 2 scrolls of fog {unknown}
 m - 2 scrolls of enchant weapon {unknown}
 o - a scroll of recharging {unknown}
 r - 2 scrolls of teleportation {unknown}
 t - a scroll of blinking {unknown}
Potions
 g - a potion of curing {unknown}
 q - a potion of degeneration {unknown}
 u - a potion of brilliance {unknown}
 v - a potion of cancellation {unknown}
 w - a potion of flight {unknown}
 x - a potion of poison {unknown}
Books
 b - a book of Changes

   Spells                             Type                      Level
   a - Beastly Appendage              Transmutation                1
   b - Sticks to Snakes               Transmutation                2
   c - Spider Form                    Transmutation/Poison         3
   d - Ice Form                       Ice/Transmutation            4
   e - Blade Hands                    Transmutation                5
Comestibles
 c - 3 bread rations
 z - a beef jerky


   Skills:
 + Level 2.0 Fighting
 + Level 3.1 Dodging
 + Level 1.1 Stealth
 + Level 3.7 Unarmed Combat
 + Level 2.1 Spellcasting
 + Level 2.2 Transmutations


You had 6 spell levels left.
You knew the following spells:

 Your Spells              Type           Power        Failure   Level  Hunger
a - Beastly Appendage     Trmt           #.....       12%         1    ##.....


Dungeon Overview and Level Annotations

Branches:
Dungeon (4/15)
 Temple: D:4-7

Altars:
Ashenzari
Nemelex Xobeh


Innate Abilities, Weirdness & Mutations

Your plain brown scales are hard (AC +5).
Your body does not fit into most forms of armour.
You are cold-blooded and may be slowed by cold attacks.


Message History

The ogre closely misses you.
You hit the ogre.
The ogre is moderately wounded.
The ogre closely misses you.
You hit the ogre.
The ogre is moderately wounded.
The ogre barely misses you.
You hit the ogre but do no damage. You punch the ogre.
The ogre is heavily wounded.
You hit the ogre but do no damage.
The ogre is heavily wounded.
The ogre hits you with a giant club!
You hit the ogre.
The ogre is severely wounded.
The ogre closely misses you.
You hit the ogre.
The ogre is almost dead.
The ogre hits you with a giant club!!
Ouch! That really hurt!
You die...

.# ......#... .
.....#... # #. #.....
##. #.### ###..# #..
#...########..# #..#
###............
#...###....##..###.##
#...#...#.##..## #..#
#...@O.......## ####
#..?###...#### #...
#....# #..# .........
#?# #.#####.... ..
... #>## ## #.. [#
$.. .


You could see an ogre.

Vanquished Creatures
  3 adders
  2 oozes (D:2)
  An adder skeleton (D:4)
  A worm (D:2)
  4 giant geckos
  An orc (D:3)
  A giant cockroach (D:1)
  9 hobgoblins
  4 jackals (D:3)
  2 ball pythons
  5 bats
  A giant gecko zombie (D:3)
  5 giant newts
  7 goblins
  9 kobolds
  A quokka skeleton (D:4)
  8 rats
64 creatures vanquished.

Notes
Turn   | Place    | Note
--------------------------------------------------------------
     0 | D:1      | Mysteryquy the Draconian Transmuter began the quest for the Orb.
     0 | D:1      | Reached XP level 1. HP: 16/16 MP: 3/3
   383 | D:1      | Reached XP level 2. HP: 21/23 MP: 5/5
  1362 | D:2      | You fall through a shaft for 2 floors!
  1372 | D:4      | Found a shattered altar of Ashenzari.
  1401 | D:4      | Reached XP level 3. HP: 18/28 MP: 6/6
  1427 | D:4      | Noticed an ogre
  1747 | D:3      | Reached skill level 1 in Stealth
  2198 | D:2      | Reached XP level 4. HP: 36/36 MP: 7/7
  3283 | D:3      | Found a sparkling altar of Nemelex Xobeh.
  3544 | D:4      | Mangled by an ogre

Action                   |  1- 3 |  4- 6 || total
-------------------------+-------+-------++-------
Melee: Unarmed           |   181 |   119 ||   300
 Stab: Sleeping          |     2 |     1 ||     3
       Distracted        |       |     1 ||     1
  Eat: Chunk             |     4 |     4 ||     8
